 Dungeon Crawl Stone Soup version 0.22.1-1-ga44c0e56f4 (webtiles) character file.

70 Jynx the Insei (level 4, -3/28 HPs)
             Began as an Octopode Transmuter on Nov 5, 2018.
             Slain by a gnoll
             ... wielding a +0 spear
              (12 damage)
             ... on level 2 of the Dungeon.
             The game lasted 00:03:16 (2283 turns).

Jynx the Insei (Octopode Transmuter)                Turns: 2283, Time: 00:03:17

Health: -3/28      AC:  1    Str:  9    XL:     4   Next: 22%
Magic:  6/8        EV: 13    Int: 15    God:
Gold:   53         SH:  0    Dex: 13    Spells: 5/8 levels left

rFire    . . .     SeeInvis .     - Unarmed
rCold    . . .     Gourm    .   (no shield)
rNeg     . . .     Faith    .   (helmet restricted)
rPois    .         Spirit   .   (no amulet)
rElec    .         Reflect  .   e - ring of attention (curse)
rCorr    .         Harm     .   (no ring)
MR       .....                  (no ring)
Stlth    +.........             (no ring)
HPRegen  0.09/turn              (no ring)
MPRegen  0.11/turn              (no ring)
                                (no ring)
                                (no ring)

@: appendage, very slightly contaminated
A: almost no armour, stealthy swim, amphibious, 8 rings, constrict 8, tentacle
spike 3, camouflage 1, gelatinous body 1
a: End Transformation


You were on level 2 of the Dungeon.
You were hungry.
One of your tentacles had a temporary spike.
You visited 1 branch of the dungeon, and saw 2 of its levels.

You collected 53 gold pieces.

Inventory:

Missiles
 a - 113 arrows
Jewellery
 e - a cursed ring of attention (left tentacle)
Scrolls
 f - a scroll of enchant armour {unknown}
 g - a scroll of enchant weapon
 h - a scroll of remove curse {unknown}
Potions
 b - a potion of heal wounds {unknown}
 d - 2 potions of curing {unknown}
Comestibles
 c - 4 rations


   Skills:
 - Level 1.0 Fighting
 - Level 2.0 Dodging
 + Level 3.4 Unarmed Combat
 + Level 2.6 Spellcasting
 * Level 3.4 Transmutations


You had 5 spell levels left.
You knew the following spells:

 Your Spells              Type           Power        Failure   Level  Hunger
a - Beastly Appendage     Tmut           ##....       4%          1    #......
b - Sticks to Snakes      Tmut           ##......     8%          2    ##.....

Your spell library contained the following spells:

 Spells                   Type           Power        Failure   Level  Hunger
 Spider Form              Tmut/Pois      #.........   30%         3    ###....
 Ice Form                 Ice/Tmut       #.......     71%         4    #####..
 Blade Hands              Tmut           ##........   80%         5    ######.


Dungeon Overview and Level Annotations

Branches:
Dungeon (2/15)

Altars:


Innate Abilities, Weirdness & Mutations

You cannot wear most types of armour.
You are very stealthy in the water. (Stealth+)
You are amphibious.
You can wear up to eight rings at the same time.
You can use your tentacles to constrict eight enemies at once.
Your skin changes colour to match your surroundings (Stealth+).
Your rubbery body absorbs attacks. (AC +1, EV +1)
One of your tentacles bears a large vicious spike.


Message History

The bat misses you. The gnoll hits you with a spear!
You are too injured to fight recklessly!
You are too injured to fight recklessly!
You are too injured to fight recklessly!
You tentacle-slap the gnoll but do no damage.
You pierce the gnoll.
The gnoll is lightly wounded.
You constrict the gnoll. The bat hits you but does no damage.
The bat misses you. The gnoll hits you with a spear.
* * * LOW HITPOINT WARNING * * *
You tentacle-slap the gnoll.
You pierce the gnoll, but do no damage.
You squeeze the gnoll.
The gnoll is severely wounded.
You constrict the gnoll, but do no damage.
The bat hits you but does no damage.
You tentacle-slap the gnoll.
The gnoll is almost dead.
You constrict the gnoll. The bat completely misses you. The bat misses you.
The gnoll hits you with a spear!
You die...

........#
...#....g.g##.....
........#
.#.......##.....
#.#.....######
.#.....?.##.....
..#..........
.+..............
###........####
.#..............
###...>.......+
..........##...#
...........####
.......#..##...
###.##'#......###g......
#(..#
....##.###.....)@b......
....... ....##.#
#.............. .......
....+..###........##....
.... #.
....#.............# ...
.....#.
....#.............# .
.....#.
....#.............[.
..........
....#........g.......
........#.
....#................
........#. ##
................
#.....#.#.


You could see 2 gnolls and a bat.

Vanquished Creatures
  3 adders (D:2)
  A gnoll (D:1)
  A dart slug (D:1)
  A leopard gecko (D:1)
  3 bats (D:1)
  A giant cockroach (D:1)
  A goblin (D:2)
  3 hobgoblins
  4 jackals (D:2)
  A quokka (D:2)
  3 frilled lizards
  6 kobolds
  4 rats
32 creatures vanquished.

Notes
Turn   | Place    | Note
-------+----------+-------------------------------------------
     0 | D:1      | Jynx the Octopode Transmuter began the quest for the Orb.
     0 | D:1      | Reached XP level 1. HP: 13/13 MP: 3/3
   576 | D:1      | Reached XP level 2. HP: 18/18 MP: 3/5
   580 | D:1      | Learned a level 2 spell: Sticks to Snakes
  1146 | D:2      | Reached XP level 3. HP: 20/23 MP: 4/6
  1831 | D:2      | Reached XP level 4. HP: 27/28 MP: 5/7
  2283 | D:2      | Slain by a gnoll

Skill      XL: |  1  2  3 |
---------------+----------+-----
Transmutations | 3 |  3.4
Fighting       | |  1.0
Dodging        | |  2.0
Unarmed Combat | |  3.4
Spellcasting   | |  2.6

Action                   |  1- 3 |  4- 6 || total
-------------------------+-------+-------++-------
Melee: Unarmed           |    67 |    15 ||    82
       Constrict         |    21 |     5 ||    26
       Tentacles         |    12 |     2 ||    14
       Kick              |    13 |     5 ||    18
       Punch             |     1 |     1 ||     2
 Cast: Beastly Appendage |    17 |     4 ||    21
       Sticks to Snakes  |     1 |       ||     1
  Use: Scroll            |     1 |       ||     1
 Stab: Sleeping          |     4 |       ||     4
  Eat: Chunk             |     3 |     1 ||     4
Armor: Skin              |     7 |     4 ||    11
Dodge: Dodged            |    55 |    23 ||    78
